 Dungeon Crawl Stone Soup version 0.23.2 (webtiles) character file.

Game seed: 2847699264366788381

108306 Borgoz the Swashbuckler (level 17, -13/111 HPs)
             Began as a Kobold Monk on Apr 12, 2019.
             Was a High Priest of Ashenzari.
             Mangled by an alligator snapping turtle (33 damage)
             ... on level 3 of the Lair of Beasts.
             The game lasted 01:54:04 (29001 turns).

Borgoz the Swashbuckler (Kobold Monk)              Turns: 29001, Time: 01:54:04

Health: -13/111    AC: 17    Str: 25    XL:     17   Next: 4%
Magic:  21/22      EV: 30    Int: 12    God:    Ashenzari [*****.]
Gold:   1502       SH:  0    Dex: 29    Spells: 20/23 levels left

rFire    + . .     SeeInvis +   a - +6 rapier (venom)
rCold    . . .     Gourm    .   (shield restricted)
rNeg     . . .     Faith    .   v - +6 scale mail {rF+}
rPois    .         Spirit   .   m - +0 helmet of Saenoosch {Dex+6}
rElec    .         Reflect  .   e - scarf {cloud immunity}
rCorr    .         Harm     .   H - +0 pair of gloves "Qijuhu" {Dex+5} (curse)
MR       +....     Clarity  +   (no boots)
Stlth    +++++.....             n - amulet of regeneration
HPRegen  0.68/turn              N - +5 ring of strength
MPRegen  0.18/turn              w - +6 ring of strength

@: confusing touch
A: small, carnivore
a: Curse Item, Scrying, Transfer Knowledge, Renounce Religion


You were on level 3 of the Lair of Beasts.
You worshipped Ashenzari.
Ashenzari was extremely pleased with you.
You were very full.

You visited 6 branches of the dungeon, and saw 27 of its levels.
You also visited: Gauntlet and Volcano.

You collected 2674 gold pieces.
You spent 1172 gold pieces at shops.

Inventory:

Hand Weapons
 a - a +6 rapier of venom (weapon)
 b - a +2 rapier of draining
Armour
 e - a scarf of cloud immunity (worn)
 m - the +0 helmet of Saenoosch (worn) {Dex+6}
   (You found it in a Gauntlet)

   It affects your dexterity (+6).
 v - a +6 scale mail of fire resistance (worn)
 H - the cursed +0 pair of gloves "Qijuhu" (worn) {Dex+5}
   (You found it in a Gauntlet)

   It affects your dexterity (+5).
   It has a curse placed upon it.
 T - a +2 chain mail of cold resistance
 U - a +2 ring mail of magic resistance
 W - a +1 troll leather armour
Jewellery
 f - the ring "Bierph" {+Fly rElec rC++}
   (You took it off a minotaur in a Gauntlet)

   [ring of flight]

   It greatly protects you from cold.
   It insulates you from electricity.
   It lets you fly.
 g - an uncursed ring of poison resistance
 n - an amulet of regeneration (around neck)
 w - a +6 ring of strength (right hand)
 y - an uncursed ring of positive energy
 z - an uncursed ring of protection from magic
 F - an uncursed ring of protection from cold
 N - a +5 ring of strength (left hand)
Wands
 u - a wand of paralysis (16)
 x - a wand of iceblast (14)
 C - a wand of acid (18)
 J - a wand of disintegration (25)
 O - a wand of enslavement (13)
Scrolls
 d - 3 scrolls of blinking
 h - 12 scrolls of identify
 p - 4 scrolls of teleportation
 t - a scroll of fog
 G - 7 scrolls of magic mapping
 K - 3 scrolls of fear
 Q - 12 scrolls of remove curse
Potions
 j - 7 potions of curing
 k - 3 potions of heal wounds
 q - 6 potions of flight
 r - 2 potions of agility
 A - 2 potions of cancellation
 D - 4 potions of resistance
 I - 2 potions of haste
 L - 3 potions of berserk rage
 V - a potion of might
Comestibles
 c - 58 rations


   Skills:
 + Level 14.1 Fighting
 + Level 16.2 Short Blades
 + Level 10.9 Armour
 + Level 15.1 Dodging
 - Level 15.0 Stealth
 + Level 3.5 Spellcasting
 + Level 3.7 Hexes
 + Level 4.9 Translocations
 - Level 7.0 Evocations


You had 20 spell levels left.
You knew the following spells:

 Your Spells              Type           Power        Failure   Level  Hunger
a - Confusing Touch       Hex            ##....       10%         1    #......
b - Blink                 Tloc           N/A          10%         2    ##.....

Your spell library contained the following spells:

 Spells                   Type           Power        Failure   Level  Hunger
 Apportation              Tloc           ##....       6%          1    #......
 Slow                     Hex            ##......     16%         2    ##.....
 Animate Skeleton         Necr           N/A          43%         1    #......
 Magic Dart               Conj           #...         43%         1    #......
 Shock                    Conj/Air       #...         43%         1    #......
 Summon Small Mammal      Summ           #...         43%         1    #......
 Call Imp                 Summ           #.......     56%         2    ##.....
 Swiftness                Chrm/Air       #.......     56%         2    ##.....
 Call Canine Familiar     Summ           #.......     80%         3    ###....
 Conjure Flame            Conj/Fire      #.......     80%         3    ###....
 Mephitic Cloud           Conj/Pois/Air  #.......     80%         3    ###....
 Static Discharge         Conj/Air       #.......     80%         3    ###....
 Airstrike                Air            #.........   99%         4    #####..
 Aura of Abjuration       Summ           #.........   100%        5    ######.
 Bolt of Magma            Conj/Fire/Erth #.........   100%        5    ######.
 Iskenderun's Battlesphe  Conj/Chrm      #.......     100%        5    ######.
 Lightning Bolt           Conj/Air       #.........   100%        5    ######.
 Venom Bolt               Conj/Pois      #.........   100%        5    ######.
 Iron Shot                Conj/Erth      #.........   100%        6    #######
 Orb of Destruction       Conj           #.........   100%        7    #######
 Spellforged Servitor     Conj/Summ      #.........   100%        7    #######
 Summon Hydra             Summ           #.........   100%        7    #######


Dungeon Overview and Level Annotations

Branches:
Dungeon (15/15)            Temple (1/1) D:6            Lair (6/6) D:10
 Shoals (1/4) Lair:3       Spider (0/4) Lair:2        Slime (0/5) Lair:6
    Orc (2/2) D:12            Elf (2/3) Orc:2        Vaults (0/5) D:13
 Depths (0/5) D:15

Altars:
Ashenzari
Cheibriados
Dithmenos
Elyvilon
Fedhas
Gozag
Hepliaklqana
Kikubaaqudgha
Makhleb
Nemelex Xobeh
Okawaru
Qazlal
Ru
Sif Muna
Trog
Uskayaw
Vehumet
Wu Jian
Xom
Yredelemnul
Zin
The Shining One
Beogh

Shops:
D:13 =   D:15 %::%   Orc:2 (:[*   Elf:2 :

Portals:
Trove: D:10 (give 21 scrolls of identify)

Annotations:
Lair:3 exclusion: oklob plant
Lair:5 exclusion: oklob plant
Elf:1 Asterion


Innate Abilities, Weirdness & Mutations

You are small and have problems with some larger weapons.
You are carnivorous and can eat meat at any time.


Message History

The alligator snapping turtle misses you.
Casting: Confusing Touch (safe; 10% risk of failure)
Confirm with . or Enter, or press ? or * to list all spells.
Your hands begin to glow red.
The alligator snapping turtle bites you!
Unknown command.
You hit the alligator snapping turtle but do no damage.
The alligator snapping turtle is almost dead.
You hit the alligator snapping turtle but do no damage.
The alligator snapping turtle is almost dead.
You hit the alligator snapping turtle but do no damage.
The alligator snapping turtle is almost dead.
The alligator snapping turtle bites you!!
* * * LOW HITPOINT WARNING * * *
You hit the alligator snapping turtle but do no damage.
The alligator snapping turtle is almost dead.
You hit the alligator snapping turtle but do no damage.
The alligator snapping turtle is almost dead.
The alligator snapping turtle bites you!!
You die...

.....................##..P.#.....
.................................
..............≈≈≈≈≈≈≈............
.............≈≈≈≈≈≈≈≈≈...........
>.......<...≈≈≈#####≈≈≈..........
####.#......≈≈##...##≈≈..........
####...#.≈≈#.....#≈≈.......... #
##..##≈≈#..>..#≈≈≈..####... #
###P'##≈≈#t@...#≈≈#.######.. ##
#'.....≈≈##...##≈≈......##.. .##
#..#...≈≈≈##'##≈≈≈.......#.. ..##
###....P≈≈≈≈.≈≈≈≈.......##.. ...#
####'##≈≈≈.≈≈≈#.......##.. #..##
#.P##.....#.###.#.###..
#...#######.##.......######..#...
#..###...........................
...##.........................(..


You could see an alligator snapping turtle.

Vanquished Creatures
  Rupert (Lair:6)
  Kirke (D:15)
  A balrug (Gauntlet)
  A deep elf demonologist (Elf:1)
  A minotaur (Gauntlet)
  4 hydras
  2 rakshasas (D:14)
  2 centaur warriors
  2 catoblepae
  A death knight (D:13)
  2 dancing weapons
  3 two-headed ogres
  6 death yaks
  A tengu warrior (D:15)
  Urug (D:11)
  9 deep elf archers
  4 unseen horrors
  Pikel (D:5)
  5 wizards (Volcano)
  2 wolf spider zombies (D:15)
  2 ugly things
  A necromancer (D:13)
  A phantasmal warrior (D:13)
  3 orc knights
  24 deep elf magi
  2 manticores
  2 orc sorcerers
  5 toenail golems (Volcano)
  7 cyclopes
  A merfolk siren (Shoals:1)
  A black mamba (Lair:5)
  3 gargoyles
  15 spiny frogs
  A torpor snail (Lair:2)
  2 rime drakes
  8 komodo dragons
  3 centaur skeletons (D:15)
  A freezing wraith (D:13)
  A tengu conjurer (D:14)
  4 polar bears (Lair:6)
  8 trolls
  6 meliai
  A jumping spider (Lair:2)
  13 hornets
  8 blink frogs
  A raiju (Gauntlet)
  4 dream sheep (Lair:5)
  A hornet (shapeshifter) (D:15)
  15 slime creatures
  A snapping turtle (Lair:3)
  9 hippogriffs
  An air elemental (Elf:2)
  2 redbacks (Lair:2)
  A shadow (D:13)
  A wraith (D:15)
  4 vampires (D:13)
  12 spriggans (Lair:6)
  50 yaks
  2 basilisks
  A yak (shapeshifter) (D:15)
  Eustachio (D:5)
  4 hogs (D:15)
  3 hungry ghosts
  A steam dragon (Gauntlet)
  9 vampire mosquitoes
  Menkaure (D:5)
  3 wargs (D:10)
  An acid dragon (D:14)
  A soldier ant (D:8)
  2 hell hounds (Orc:1)
  Duvessa (D:5)
  8 water moccasins
  10 porcupines
  4 slaves (D:4)
  An eye of draining (shapeshifter) (D:14)
  5 ice beasts
  31 orc warriors
  2 sky beasts
  3 phantoms
  4 black bears (Lair:6)
  26 wolves
  6 ogres
  7 boggarts
  2 eyes of draining (D:13)
  26 centaurs
  17 crocodiles
  2 big kobolds
  19 bullfrogs
  2 earth elementals (Elf:1)
  2 wyvern zombies
  Dowan (D:5)
  A wyvern skeleton (D:9)
  2 scorpions
  3 killer bees (D:8)
  16 wights
  4 howler monkeys
  4 electric eels
  2 centaur zombies
  12 crimson imps
  7 hounds
  A bullfrog zombie (D:10)
  16 orc wizards
  A quasit (D:11)
  2 bullfrog skeletons
  8 jellies
  16 orc priests
  Jessica (D:2)
  4 iguanas
  17 worker ants
  Robin (D:2)
  8 gnolls
  A howler monkey skeleton (D:11)
  8 adders
  4 shadow imps
  17 oozes
  2 adder skeletons
  9 worms
  7 dart slugs
  3 leopard geckos
  80 orcs
  3 ball pythons
  16 bats
  10 giant cockroaches
  13 goblins
  5 hobgoblins
  6 jackals
  2 quokkas
  4 frilled lizards
  A jackal skeleton (D:4)
  25 kobolds
  A leopard gecko zombie (D:5)
  A quokka skeleton (D:5)
  5 rats
  3 butterflies (D:7)
  A fungus (Lair:6)
836 creatures vanquished.

Vanquished Creatures (others)
  2 deep elf magi (Elf:1)
  An orc warrior (Orc:2)
  An orc (Orc:1)
  15 demonic plants (Gauntlet)
  14 fungi
  4 plants
  2 toadstools (D:10)
39 creatures vanquished.

Grand Total: 875 creatures vanquished

Notes
Turn   | Place    | Note
-------+----------+-------------------------------------------
     0 | D:1      | Borgoz the Kobold Monk began the quest for the Orb.
     0 | D:1      | Reached XP level 1. HP: 14/14 MP: 1/1
    67 | D:1      | Reached XP level 2. HP: 19/19 MP: 2/2
   382 | D:1      | Reached XP level 3. HP: 17/23 MP: 3/3
   936 | D:2      | Noticed Robin
   971 | D:2      | Killed Robin
   971 | D:2      | Reached XP level 4. HP: 12/29 MP: 4/4
   975 | D:2      | Reached skill level 1 in Armour
  1740 | D:2      | Reached XP level 5. HP: 33/33 MP: 5/5
  1929 | D:2      | Found a shimmering altar of Xom.
  2223 | D:2      | Noticed Jessica
  2227 | D:2      | Killed Jessica
  2338 | D:3      | Reached skill level 5 in Short Blades
  2462 | D:3      | Reached XP level 6. HP: 38/38 MP: 6/6
  3389 | D:4      | Reached skill level 5 in Dodging
  3420 | D:4      | Reached skill level 5 in Stealth
  3420 | D:4      | Reached XP level 7. HP: 38/44 MP: 7/7
  4072 | D:4      | Reached skill level 5 in Fighting
  4240 | D:5      | Entered Level 5 of the Dungeon
  4240 | D:5      | Noticed Eustachio
  4240 | D:5      | Noticed Pikel
  4284 | D:5      | Noticed Duvessa
  4308 | D:4      | Reached skill level 6 in Short Blades
  4426 | D:5      | Noticed Dowan
  4579 | D:5      | Killed Duvessa
  4579 | D:5      | Reached XP level 8. HP: 43/49 MP: 8/8
  4586 | D:5      | Killed Dowan
  4702 | D:5      | Killed Eustachio
  4824 | D:5      | Killed Pikel
  4824 | D:5      | Reached skill level 7 in Short Blades
  4824 | D:5      | Reached XP level 9. HP: 53/55 MP: 9/9
  4901 | D:5      | Noticed Menkaure
  4942 | D:5      | Killed Menkaure
  5064 | D:5      | Got a brightly glowing halberd
  5250 | D:5      | Found a burning altar of Makhleb.
  5490 | D:6      | Found a staircase to the Ecumenical Temple.
  5798 | Temple   | Entered the Ecumenical Temple
  5860 | Temple   | Became a worshipper of Ashenzari the Shackled
  5860 | Temple   | Reached * piety under Ashenzari
  5860 | Temple   | Reached ** piety under Ashenzari
  6199 | D:6      | Reached skill level 8 in Short Blades
  6705 | D:7      | Found a runed translucent door.
  6716 | D:7      | Found a runed translucent door.
  7339 | D:7      | Found a basalt altar of Yredelemnul.
  7339 | D:7      | Found an opulent altar of Gozag.
  7487 | D:8      | Reached XP level 10. HP: 61/63 MP: 10/10
  7703 | D:8      | Got the cursed dagger of Luxury {pierce, Str+2}
  7704 | D:8      | Identified the cursed +1 dagger of Luxury {pierce, Str+2}
                  | (You found it on level 8 of the Dungeon)
  7704 | D:8      | Identified the +2 halberd "Icroduxa" {flame, rElec MR+}
                  | (You found it on level 5 of the Dungeon)
  7989 | D:8      | Reached skill level 9 in Short Blades
  7989 | D:8      | Reached skill level 5 in Armour
  8621 | D:9      | Reached skill level 10 in Stealth
  8745 | D:10     | Entered Level 10 of the Dungeon
  8758 | D:10     | Found a portal to a secret trove of treasure.
  8769 | D:10     | Noticed an unseen horror
  8781 | D:10     | Killed an unseen horror
  9015 | D:10     | Reached XP level 11. HP: 69/69 MP: 11/11
  9065 | D:10     | Reached skill level 10 in Short Blades
  9191 | D:10     | Found a staircase to the Lair.
  9805 | D:11     | Got the cursed mace of Red Wine {drain, Int+2}
  9810 | D:11     | Noticed a cyclops
  9813 | D:11     | Killed a cyclops
  9815 | D:11     | Reached *** piety under Ashenzari
  9834 | D:11     | Noticed Urug
  9849 | D:11     | Killed Urug
  9903 | D:11     | Learned a level 2 spell: Blink
 10162 | D:11     | Noticed an unseen horror
 10183 | D:11     | Killed an unseen horror
 10183 | D:11     | Reached skill level 10 in Dodging
 10323 | D:11     | Found a blossoming altar of Fedhas.
 10624 | D:11     | Noticed an unseen horror
 10639 | D:11     | Killed an unseen horror
 10639 | D:11     | Reached skill level 11 in Short Blades
 10848 | D:12     | Noticed a manticore
 10864 | D:12     | Killed a manticore
 11012 | D:12     | Noticed a two-headed ogre
 11027 | D:12     | Killed a two-headed ogre
 11027 | D:12     | Reached XP level 12. HP: 76/76 MP: 12/12
 11305 | D:12     | Found a roughly hewn altar of Beogh.
 11305 | D:12     | Found a staircase to the Orcish Mines.
 11437 | D:12     | Paralysed by a hornet for 2 turns
 11678 | D:12     | Noticed a two-headed ogre
 11689 | D:12     | Killed a two-headed ogre
 11711 | D:12     | Reached skill level 10 in Fighting
 12193 | D:13     | Noticed a death knight
 12253 | D:13     | Killed a death knight
 12253 | D:13     | Reached skill level 12 in Short Blades
 12379 | D:13     | Noticed a six-headed hydra
 12383 | D:13     | Killed a six-headed hydra
 12437 | D:13     | Noticed a two-headed ogre
 12440 | D:13     | Found a gate to the Vaults.
 12462 | D:13     | Killed a two-headed ogre
 12598 | D:13     | Reached XP level 13. HP: 83/83 MP: 13/13
 13442 | Lair:1   | Entered Level 1 of the Lair of Beasts
 13665 | Lair:1   | Got the cursed long sword of Terra Nullius {flame, rElec
                  | rPois rF+ Int-3}
 14203 | Lair:2   | Reached **** piety under Ashenzari
 14494 | Lair:2   | Reached skill level 13 in Short Blades
 14503 | Lair:2   | Noticed a five-headed hydra
 14528 | Lair:2   | Killed a five-headed hydra
 14848 | Lair:2   | Identified a scroll of acquirement
 15390 | Lair:2   | Found a hole to the Spider Nest.
 15827 | Lair:3   | Found a staircase to the Shoals.
 16538 | Lair:4   | Noticed a five-headed hydra
 16578 | Lair:4   | Killed a five-headed hydra
 16583 | Lair:4   | Reached XP level 14. HP: 64/91 MP: 14/14
 17140 | Lair:4   | Reached ***** piety under Ashenzari
 17594 | Lair:5   | Found a gate leading to a gauntlet.
 17935 | Gauntlet | Entered a Gauntlet
 17935 | Gauntlet | Found a transporter.
 17946 | Gauntlet | Found a transporter.
 17961 | Gauntlet | Found a transporter.
 17966 | Gauntlet | Found a transporter.
 17987 | Gauntlet | Found a transporter.
 17988 | Gauntlet | Noticed an entropy weaver
 18000 | Gauntlet | Found a transporter.
 18000 | Gauntlet | Noticed a balrug
 18012 | Gauntlet | Identified the ring "Daussoso" {rF- rN+ Str+8 SInv}
 18012 | Gauntlet | Found a transporter.
 18018 | Gauntlet | Found a transporter.
 18033 | Gauntlet | Found a transporter.
 18039 | Gauntlet | Found a transporter.
 18054 | Gauntlet | Found a transporter.
 18066 | Gauntlet | Found a transporter.
 18072 | Gauntlet | Found a transporter.
 18072 | Gauntlet | Found a transporter.
 18111 | Gauntlet | Found a transporter.
 18136 | Gauntlet | Found a transporter.
 18138 | Gauntlet | Found a transporter.
 18158 | Gauntlet | Found a transporter.
 18325 | Gauntlet | Reached skill level 14 in Short Blades
 18364 | Gauntlet | Got the uncursed helmet of Saenoosch {Dex+6}
 18378 | Gauntlet | Identified the +0 helmet of Saenoosch {Dex+6} (You found it
                  | in a Gauntlet)
 18481 | Gauntlet | Killed a balrug
 18493 | Gauntlet | Got the cursed pair of gloves "Qijuhu" {Dex+5}
 18564 | Gauntlet | Identified the cursed +0 pair of gloves "Qijuhu" {Dex+5}
                  | (You found it in a Gauntlet)
 18596 | Gauntlet | Identified the ring "Bierph" {+Fly rElec rC++}
 18596 | Gauntlet | Noticed a minotaur
 18606 | Gauntlet | Killed a minotaur
 19098 | Lair:5   | Reached skill level 15 in Stealth
 19375 | Lair:5   | Reached skill level 1 in Evocations
 19516 | Lair:6   | Entered Level 6 of the Lair of Beasts
 19522 | Lair:6   | Reached skill level 1 in Translocations
 19679 | Lair:6   | Found a staircase to the Slime Pits.
 19888 | Lair:6   | Noticed Rupert
 19910 | Lair:6   | Killed Rupert
 19910 | Lair:6   | Reached XP level 15. HP: 57/97 MP: 15/17
 21521 | D:13     | Reached skill level 15 in Short Blades
 21641 | D:13     | Reached skill level 10 in Armour
 21694 | D:13     | Reached skill level 5 in Evocations
 21768 | D:13     | Found Raanisel's Jewellery Emporium.
 22135 | D:14     | Found a radiant altar of Vehumet.
 22600 | D:15     | Entered Level 15 of the Dungeon
 22680 | D:15     | Found Tiuw's Food Shoppe.
 22867 | D:15     | Noticed Kirke
 22908 | D:15     | Noticed a sphinx
 22913 | D:15     | Killed Kirke
 23034 | D:15     | Found Owomepla's Book Shop.
 23095 | D:15     | Found Firrow's Book Boutique.
 23224 | D:15     | Found Exkupt's Food Shop.
 23358 | D:14     | Reached XP level 16. HP: 61/104 MP: 20/20
 24128 | D:15     | Found a staircase to the Depths.
 24391 | D:15     | Bought a book of Cantrips for 320 gold pieces
 24393 | D:15     | Learned a level 1 spell: Confusing Touch
 24625 | Orc:1    | Entered Level 1 of the Orcish Mines
 24877 | Orc:1    | Found a dark tunnel.
 24884 | Volcano  | Entered a volcano
 24920 | Volcano  | Reached skill level 1 in Hexes
 24935 | Volcano  | Reached skill level 1 in Spellcasting
 25634 | Orc:2    | Entered Level 2 of the Orcish Mines
 25634 | Orc:2    | Found a staircase to the Elven Halls.
 25841 | Orc:1    | HP: 4/105 [orc warrior/+0 glaive (34)]
 26797 | Orc:2    | Found Zeypatae's Armour Shop.
 26797 | Orc:2    | Found Qauco's Book Emporium.
 26799 | Orc:2    | Found Lumaolesm's Weapon Shoppe.
 26801 | Orc:2    | Found Maresyda's Assorted Antiques.
 26814 | Orc:2    | Bought a potion of berserk rage for 120 gold pieces
 26814 | Orc:2    | Bought a scroll of enchant weapon for 180 gold pieces
 26814 | Orc:2    | Bought a scroll of fear for 84 gold pieces
 26814 | Orc:2    | Bought a scroll of enchant weapon for 180 gold pieces
 26814 | Orc:2    | Bought a potion of berserk rage for 120 gold pieces
 26814 | Orc:2    | Bought 2 scrolls of identify for 96 gold pieces
 26814 | Orc:2    | Bought a scroll of identify for 48 gold pieces
 26814 | Orc:2    | Bought a scroll labeled BYOZIO FASA for 24 gold pieces
 27025 | Elf:1    | Entered Level 1 of the Elven Halls
 27092 | Elf:1    | Found the +9 staff of Wucad Mu {channel}
 27191 | Elf:1    | Noticed an Executioner
 27198 | Elf:1    | Reached skill level 16 in Short Blades
 27232 | Elf:1    | Identified the Papyrus of Summoning
 27478 | Elf:2    | Found Lub Hyimn's Book Boutique.
 27495 | Elf:2    | Reached skill level 15 in Dodging
 27520 | Elf:2    | Noticed Asterion
 28482 | Elf:2    | Reached XP level 17. HP: 111/111 MP: 22/22
 28564 | Elf:1    | HP: 3/111 [Asterion/+2 vampiric demon trident (13)]
 28861 | Shoals:1 | Entered Level 1 of the Shoals
 29001 | Lair:3   | Mangled by an alligator snapping turtle

Skill      XL: |  1  2  3  4  5  6  7  8  9 10 11 12 13 14 15 16 |
---------------+-------------------------------------------------+-----
Stealth        | 3 4 5 6 7 8 10 11 13 14 15 | 15.0
Dodging        | 4 5 6 7 9 10 11 12 13 14 15 | 15.1
Armour         | 1 2 3 4 5 6 7 8 9 10 | 10.9
Fighting       | 4 5 6 7 8 9 10 11 12 13 14 | 14.1
Short Blades   | 5 6 7 8 9 11 12 13 14 15 16 | 16.2
Evocations     | 3 6 7 |  7.0
Translocations | 2 3 4 |  4.9
Hexes          | 3 |  3.7
Spellcasting   | 3 |  3.5

Action                   |  1- 3 |  4- 6 |  7- 9 | 10-12 | 13-15 | 16-18 || total
-------------------------+-------+-------+-------+-------+-------+-------++-------
Melee: Short sword       |   119 |   276 |   104 |    29 |       |       ||   528
       Rapier            |       |       |   474 |   322 |  1725 |   733 ||  3254
       Unarmed           |       |       |     6 |       |       |       ||     6
       Dagger            |       |       |       |   585 |    83 |       ||   668
 Cast: Confusing Touch   |       |       |       |       |       |     4 ||     4
       Blink             |       |       |       |       |       |     1 ||     1
Evoke: Wand              |       |       |       |     5 |    10 |       ||    15
  Use: Scroll            |       |     6 |     3 |    12 |    10 |     8 ||    39
       Potion            |       |     2 |     3 |     4 |     8 |     1 ||    18
 Stab: Sleeping          |     3 |    17 |     5 |    22 |    55 |    20 ||   122
       Distracted        |       |       |       |     2 |     3 |     7 ||    12
       Invisible         |       |       |       |       |     3 |       ||     3
       Petrified         |       |       |       |       |     2 |       ||     2
       Petrifying        |       |       |       |       |     1 |       ||     1
       Paralysed         |       |       |       |       |     1 |       ||     1
       Confused          |       |       |       |       |       |     3 ||     3
  Eat: Chunk             |     8 |     9 |    12 |    26 |    35 |    19 ||   109
Armor: Robe              |     4 |       |       |       |       |       ||     4
       Leather armour    |    21 |    52 |       |       |       |       ||    73
       Scale mail        |       |    15 |   195 |   205 |   301 |    86 ||   802
       Skin              |       |       |       |    15 |       |       ||    15
Dodge: Dodged            |   101 |   172 |   390 |   562 |  1390 |   847 ||  3462
